 Dungeon Crawl Stone Soup version 0.27.1-4-g1640c2035a (webtiles) character file.

Game seed: 14443264243679105529

1740 Stomo444 the Cudgeller (level 9, -1/47 HPs)
             Began as a Vine Stalker Gladiator on Nov 17, 2021.
             Killed from afar by a gargoyle (24 damage)
             ... with a stone arrow
             ... on level 6 of the Dungeon.
             The game lasted 00:09:15 (5388 turns).

Stomo444 the Cudgeller (Vine Stalker Gladiator)     Turns: 5388, Time: 00:09:15

Health: -1/47      AC: 11    Str: 20    XL:     9   Next: 5%
Magic:  0/10       EV: 32    Int:  8    God:
Gold:   282        SH:  0    Dex: 16    Spells: 8/8 levels left

rFire    . . .     SeeInvis .   d - +2 whip (distort)
rCold    . . .     Faith    .   (no shield)
rNeg     . . .     Spirit   +   i - +0 ring mail
rPois    .         Reflect  .   m - +0 helmet
rElec    .         Harm     .   (no cloak)
rCorr    .         Rampage  .   (no gloves)
Will     +....                  (no boots)
Stlth    +.........             p - amulet of the acrobat
HPRegen  1.15/turn              o - +4 ring of evasion
MPRegen  0.12/turn              q - +4 ring of protection

@: acrobatic
A: fangs 3, regeneration 1, magic shield, antimagic bite, no potion heal 2
a: no special abilities


You were on level 6 of the Dungeon.
You visited 1 branch of the dungeon, and saw 6 of its levels.

You collected 282 gold pieces.

Inventory:

Hand Weapons
 a - a +0 flail
 d - a +2 whip of distortion (weapon)
Missiles
 f - 8 silver javelins (quivered)
Armour
 b - a +0 leather armour
 c - a +0 helmet
 i - a +0 ring mail (worn)
 m - a +0 helmet (worn)
Jewellery
 o - a +4 ring of evasion (left hand)
 p - an amulet of the acrobat (around neck)
 q - a +4 ring of protection (right hand)
Scrolls
 e - a scroll of magic mapping
 h - a scroll of noise {unknown}
 l - a scroll of teleportation
 n - a scroll of vulnerability
 r - a scroll of summoning
Potions
 g - a potion of brilliance
 j - 2 potions of degeneration
 k - a potion of cancellation


   Skills:
 + Level 5.4 Fighting
 + Level 5.8 Maces & Flails
 - Level 1.7 Throwing
 + Level 4.4 Armour
 + Level 5.2 Dodging


You had 8 spell levels left.
You didn't know any spells.
Your spell library contained the following spells:

 Spells                   Type           Power      Damage    Failure   Level
 Summon Small Mammal      Summ           0%         N/A       56%         1
 Call Canine Familiar     Summ           0%         N/A       91%         3
 Ignite Poison            Fire/Tmut/Pois 0%         N/A       91%         3
 Mephitic Cloud           Conj/Pois/Air  0%         N/A       91%         3
 Summon Guardian Golem    Hex/Summ       0%         N/A       91%         3
 Cause Fear               Hex            0%         N/A       100%        4
 Bolt of Magma            Conj/Fire/Erth 0%         4d4       100%        5
 Dragon Form              Tmut           0%         N/A       100%        7
 Dragon's Call            Summ           0%         N/A       100%        9


Dungeon Overview and Level Annotations

Branches:
Dungeon (6/15)
 Temple: D:4-7

Altars:
Kikubaaqudgha
Uskayaw
Vehumet
Yredelemnul
Zin


Innate Abilities, Weirdness & Mutations

You have razor-sharp teeth.
Your natural rate of healing is unusually fast.
When hurt, damage is shared between your health and your magic reserves.
Your bite disrupts and absorbs the magic of your enemies.
Potions cannot restore your health.


Message History

Your experience leads to an increase in your attributes!
Increase (S)trength, (I)ntelligence, or (D)exterity?
You feel stronger.
Press: ? - help, v - describe, . - travel A large open door.
There is a cloud of translocational energy here.
There is a large open door here.
The gargoyle hurls a stone arrow at you.
The stone arrow misses you.
The gargoyle hurls a stone arrow at you.
The stone arrow misses you.
The gargoyle hurls a stone arrow at you.
The stone arrow misses you.
The gargoyle hurls a stone arrow at you.
The stone arrow hits you!
The gargoyle hurls a stone arrow at you.
The stone arrow misses you.
There is an open door here.
The gargoyle hurls a stone arrow at you.
The stone arrow misses you. The ice beast completely misses you.
You hit the ice beast but do no damage.
Space bends around the ice beast.
Your bite misses the ice beast.
The ice beast is lightly wounded.
The ice beast misses you.
The gargoyle hurls a stone arrow at you.
The stone arrow misses you.
You closely miss the ice beast.
The ice beast is lightly wounded.
The ice beast closely misses you.
The gargoyle hurls a stone arrow at you.
The stone arrow hits you!!
Unknown command.
The ice beast hits you but does no damage.
The gargoyle hurls a stone arrow at you.
The stone arrow misses you.
The gargoyle hurls a stone arrow at you.
The stone arrow hits you!!
Ouch! That really hurt!
You die...

#################
##......#.@......#
#........Y9......#
#.........#......#
#....####'#......#
#....#...........##########
#....#.....................
#....#.....................
#....#.....######..........
#....#.....'†...#...)......


You could see a gargoyle and an ice beast.

Vanquished Creatures
  Grinder (D:3)
  The ghost of jduncanpark the Chopper, an amateur MiGl (D:5)
  Menkaure (D:5)
  3 ice beasts
  A necrophage (D:3)
  2 ogres
  A kobold brigand (D:5)
  A scorpion (D:5)
  A water moccasin zombie (D:5)
  3 iguanas
  Terence (D:2)
  A gnoll (D:1)
  7 adders
  A worm (D:3)
  A dart slug (D:3)
  5 orcs (D:6)
  6 ball pythons
  8 bats
  5 endoplasms
  4 giant cockroaches
  7 goblins
  6 hobgoblins
  4 jackals (D:2)
  18 kobolds
  2 quokkas
  4 frilled lizards
  4 rats
99 creatures vanquished.

Vanquished Creatures (others)
  3 plants (D:5)
  5 toadstools (D:6)
8 creatures vanquished.

Grand Total: 107 creatures vanquished

Notes
Turn   | Place    | Note
-------+----------+-------------------------------------------
     0 | D:1      | Stomo444 the Vine Stalker Gladiator began the quest for the
                  | Orb.
     0 | D:1      | Reached XP level 1. HP: 11/11 MP: 2/2
   122 | D:1      | Reached XP level 2. HP: 13/15 MP: 3/3
   554 | D:1      | Found a faded altar of an unknown god.
   607 | D:1      | Reached XP level 3. HP: 10/18 MP: 0/4
  1054 | D:2      | Found a basalt altar of Yredelemnul.
  1147 | D:2      | You fall into a shaft and drop 1 floor!
  1194 | D:2      | Noticed Terence
  1199 | D:2      | Reached skill level 1 in Armour
  1212 | D:2      | Killed Terence
  1213 | D:2      | Gained mutation: Your natural rate of healing is unusually
                  | fast. [Vine Stalker growth]
  1213 | D:2      | Reached XP level 4. HP: 13/23 MP: 5/5
  1881 | D:3      | Found an ancient bone altar of Kikubaaqudgha.
  1887 | D:3      | Reached XP level 5. HP: 24/27 MP: 4/6
  2041 | D:3      | Noticed a necrophage
  2047 | D:3      | Killed a necrophage
  2216 | D:3      | Reached XP level 6. HP: 31/32 MP: 7/7
  2234 | D:3      | Found a radiant altar of Vehumet.
  2323 | D:3      | Found a glowing silver altar of Zin.
  2534 | D:3      | Noticed Grinder
  2555 | D:3      | Killed Grinder
  2556 | D:3      | Reached XP level 7. HP: 26/36 MP: 8/8
  3628 | D:5      | Entered Level 5 of the Dungeon
  3760 | D:5      | Found a hide-covered altar of Uskayaw.
  3880 | D:5      | Noticed Menkaure
  3883 | D:5      | Killed Menkaure
  4077 | D:5      | Gained mutation: You have razor-sharp teeth. [Vine Stalker
                  | growth]
  4077 | D:5      | Reached XP level 8. HP: 42/42 MP: 9/9
  4198 | D:5      | Reached skill level 5 in Maces & Flails
  4238 | D:5      | Found a runed translucent gate.
  4239 | D:5      | Found a runed translucent gate.
  4240 | D:5      | Found a runed translucent gate.
  4242 | D:5      | Noticed jduncanpark's ghost (amateur MiGl)
  5021 | D:5      | Killed jduncanpark's ghost
  5024 | D:5      | Reached skill level 5 in Fighting
  5121 | D:6      | Reached skill level 5 in Dodging
  5350 | D:6      | Noticed a kobold demonologist
  5350 | D:6      | Noticed a gargoyle
  5359 | D:6      | Banished a kobold demonologist
  5360 | D:6      | Reached XP level 9. HP: 26/47 MP: 5/10
  5388 | D:6      | Killed from afar by a gargoyle

Illustrated notes

Levels and vault maps discovered:
D:1:      lemuel_arrival_hallway, layout_basic,
          shapermc_ecumenical_altar_flowoftime
D:2:      layout_basic, basic_altar, uniq_terence
D:3:      layout_loops_corners, nicolae_vehumet_altar_sigil,
          mainiacjoe_overflow_cross_hatched, zin_treasury,
          serial_co_window_serial, co_window_paths_a, co_window_paths_a,
          co_window_of_opportunity_a, co_window_paths_a, co_window_paths_a,
          co_window_corner_a, co_window_unsneaky_path_d, co_window_cross_3,
          co_window_broadway_b, glass_columns_a, glass_columns_a,
          glass_columns_a, glass_columns_b, minivault_14,
          minmay_goblin_kobold_house, uniq_grinder
D:4:      layout_basic, hex_intersection
D:5:      layout_basic, nicolae_uskayaw_murder_on_the_dancefloor,
          gammafunk_ghost_nasty_kobolds, uniq_menkaure
D:6:      kennysheep_big_flooded_room, layout_gridville,
          mainiacjoe_overflow_concentric_impassable, minmay_gold_behind_fungi,
          kennysheep_generic_room_13

Skill      XL: |  1  2  3  4  5  6  7  8 |
---------------+-------------------------+-----
Fighting       | 2 3 4 5 |  5.4
Maces & Flails | 3 4 5 |  5.8
Armour         | 1 2 3 4 |  4.4
Dodging        | 3 4 5 |  5.2
Throwing       | |  1.7

Action                   |  1- 3 |  4- 6 |  7- 9 || total
-------------------------+-------+-------+-------++-------
Melee: Flail             |    73 |   115 |   115 ||   303
       Bite              |    13 |    28 |    50 ||    91
       Whip              |       |       |    24 ||    24
Throw: Throwing net      |     1 |     2 |     1 ||     4
       Javelin           |       |       |     9 ||     9
  Use: Scroll            |       |       |     9 ||     9
       Potion            |       |       |     1 ||     1
Armor: Leather armour    |    20 |     1 |       ||    21
       Ring mail         |       |    48 |    24 ||    72
Dodge: Dodged            |    58 |    91 |   108 ||   257
